 Dungeon Crawl Stone Soup version 0.20.0 (webtiles) character file.

191 FakerFangirl the Cudgeler (level 5, -3/45 HPs)
             Began as a Draconian Fighter on May 26, 2017.
             Slain by Caiaphas's ghost (5 damage)
             ... on level 3 of the Dungeon.
             The game lasted 00:02:41 (2243 turns).

FakerFangirl the Cudgeler (Draconian Fighter)       Turns: 2243, Time: 00:02:41

Health: -3/45      AC:  5    Str: 19    XL:     5   Next: 42%
Magic:  5/5        EV: 10    Int:  8    God:
Gold:   74         SH:  9    Dex: 11    Spells: 4/4 levels left

rFire    . . .     SeeInvis .   Y - +1 flail
rCold    . . .     Gourm    .   b - +0 shield
rNeg     . . .     Faith    .   (armour unavailable)
rPois    .         Spirit   .   (helmet restricted)
rElec    .         Reflect  .   (no cloak)
rCorr    .         Harm     .   (no gloves)
MR       .....                  (no boots)
Stlth    +.........             (no amulet)
Regen    0.2/turn               (no ring)
MPRegen  0.1/turn               (no ring)

@: about to teleport
A: unfitting armour, cold-blooded, AC +5
a: no special abilities


You were on level 3 of the Dungeon.
You were hungry.

You visited 1 branch of the dungeon, and saw 3 of its levels.

You collected 74 gold pieces.


Innate Abilities, Weirdness & Mutations

Your plain brown scales are hard. (AC +5)
You cannot fit into any form of body armour.
You are cold-blooded and may be slowed by cold attacks.


   Skills:
 - Level 3.2 Fighting
 + Level 5.7 Maces & Flails
 - Level 2.6 Dodging
 - Level 3.0 Shields


You had 4 spell levels left.
You didn't know any spells.

Inventory:

Hand Weapons
 Y - a +1 flail (weapon)
Armour
 b - a +0 shield (worn)
Scrolls
 a - a scroll of identify
 e - a scroll of recharging
 f - 3 scrolls of remove curse
 g - 2 scrolls of teleportation
Potions
 c - a potion of might
Comestibles
 d - a bread ration
 h - a fruit

Dungeon Overview and Level Annotations

Branches:
Dungeon (3/15)

Altars:

Annotations:
D:3 Caiaphas's ghost, amateur GrFi


Message History

You are feeling hungry.
You block Caiaphas's ghost's attack.
You hit Caiaphas's ghost but do no damage.
Caiaphas's ghost is almost destroyed.
Caiaphas's ghost hits you.
You hit Caiaphas's ghost but do no damage.
Caiaphas's ghost is almost destroyed.
Caiaphas's ghost wails, "What do you have that I didn't have?"
Caiaphas's ghost hits you! Caiaphas's ghost hits you.
2241 ||| READING 3 scrolls of teleportation.
As you read the scroll of teleportation, it crumbles to dust.
You feel strangely unstable. Caiaphas's ghost hits you.
You hit Caiaphas's ghost.
Caiaphas's ghost is almost destroyed.
Caiaphas's ghost hits you.
You hit Caiaphas's ghost.
Caiaphas's ghost is almost destroyed.
Caiaphas's ghost hits you.
You die...

.... ....
......
###......
%.#......
#.#.... #.W[#
#####@.#
#......###
#.####<.(#
##.# ###....#
##..# ....#
#..## .##.#
#.## .# .# .#
##.# #.# .#.#
##..#######..#
...##


You could see Caiaphas's ghost.

Vanquished Creatures
  Terence (D:2)
  Natasha (thrice) (D:2)
  A gnoll (D:1)
  An adder (D:2)
  2 oozes
  3 worms (D:2)
  2 dart slugs (D:1)
  5 orcs
  2 goblins
  2 hobgoblins (D:2)
  A jackal (D:1)
  3 quokkas (D:2)
  8 bats
  4 frilled lizards
  7 kobolds
  8 rats
53 creatures vanquished.

Notes
Turn   | Place    | Note
-------+----------+-------------------------------------------
     0 | D:1      | FakerFangirl the Draconian Fighter began the quest for the Orb.
     0 | D:1      | Reached XP level 1. HP: 19/19 MP: 1/1
     0 | D:1      | 0 ||| counter = 42
   102 | D:1      | Reached XP level 2. HP: 19/26 MP: 2/2
   172 | D:1      | Reached skill level 3 in Maces & Flails
   508 | D:1      | Reached XP level 3. HP: 29/31 MP: 3/3
   682 | D:1      | 682 ||| READING 3 scrolls labeled MATAUNUSMA.
   683 | D:1      | 683 ||| READING 4 scrolls labeled QOLOAPSAELU.
   687 | D:1      | 687 ||| READING scroll labeled YCOOK QEFESMIT.
   688 | D:1      | 688 ||| DRINKING 2 viscous orange potions.
   689 | D:1      | 689 ||| READING 2 scrolls of identify.
   689 | D:1      | 689 ||| IDENTIFYING lumpy sapphire potion
   690 | D:1      | 690 ||| DROPPING potion of agility.
   737 | D:2      | 737 ||| STAIRDANCE
   875 | D:2      | Noticed Natasha
   886 | D:2      | Killed Natasha
   886 | D:2      | Reached skill level 4 in Maces & Flails
   886 | D:2      | Reached XP level 4. HP: 38/38 MP: 4/4
   999 | D:2      | Noticed Natasha
  1005 | D:2      | Killed Natasha
  1454 | D:2      | Noticed Terence
  1463 | D:2      | Killed Terence
  1463 | D:2      | Reached skill level 5 in Maces & Flails
  1463 | D:2      | Reached XP level 5. HP: 36/45 MP: 5/5
  1531 | D:2      | Noticed Natasha
  1539 | D:2      | Killed Natasha
  1645 | D:2      | 1645 ||| READING 2 scrolls labeled POIT MOMETIPE.
  1646 | D:2      | 1646 ||| READING scroll labeled SAOZUAGE ECOT.
  1682 | D:3      | Noticed Caiaphas's ghost (amateur GrFi)
  1689 | D:3      | 1689 ||| STAIRDANCE
  1888 | D:3      | 1888 ||| STAIRDANCE
  1983 | D:3      | 1983 ||| STAIRDANCE
  2043 | D:3      | 2043 ||| STAIRDANCE
  2141 | D:3      | HP: 3/45 [Caiaphas's ghost (12)]
  2142 | D:3      | 2142 ||| READING 4 scrolls of teleportation.
  2143 | D:3      | 2143 ||| DRINKING potion of heal wounds.
  2240 | D:3      | HP: 9/45 [Caiaphas's ghost (17)]
  2241 | D:3      | 2241 ||| READING 3 scrolls of teleportation.
  2241 | D:3      | HP: 4/45 [Caiaphas's ghost (1)]
  2243 | D:3      | Slain by Caiaphas's ghost

Vault maps used:
D:1:      dpeg_arrival_rhombus, minmay_domino_4
D:2:      serial_glass, glass_columns_c, glass_columns_c,
          minmay_misc_feat_ornament, uniq_natasha, uniq_terence

Skill      XL: |  1  2  3  4 |
---------------+-------------+-----
Maces & Flails | 3 4 5 |  5.7
Fighting       | |  3.2
Dodging        | |  2.6
Shields        | |  3.0

Action                   |  1- 3 |  4- 6 || total
-------------------------+-------+-------++-------
Melee: Flail             |    75 |   106 ||   181
       Tailslap          |     7 |    12 ||    19
  Use: Scroll            |     4 |     4 ||     8
       Potion            |     1 |     1 ||     2
 Stab: Distracted        |     1 |       ||     1
  Eat: Chunk             |       |     4 ||     4
Armor: Skin              |    24 |    15 ||    39
Dodge: Dodged            |    31 |    25 ||    56
Block: Shield            |    38 |    42 ||    80
